 Dungeon Crawl Stone Soup version 0.25-a0-105-g2289b3b9f1 (webtiles) character file.

Game seed: 10031174252255204985, levelgen mode: deterministic

12353 vurker the Thaumaturge (level 11, -14/84 HPs)
             Began as a Mummy Fire Elementalist on Nov 16, 2019.
             Was an Initiate of Gozag.
             Demolished by a red ugly thing (18 damage)
             ... on level 11 of the Dungeon.
             The game lasted 00:23:41 (18138 turns).

vurker the Thaumaturge (Mummy Fire Elementalist)   Turns: 18138, Time: 00:23:43

Health: -14/84     AC:  5    Str: 11    XL:     11   Next: 61%
Magic:  19/27      EV: 12    Int: 18    God:    Gozag
Gold:   1734       SH:  0    Dex: 13    Spells: 19/34 levels left

rFire    x . .     SeeInvis .   o - +2 whip (elec)
rCold    + + .     Gourm    .   (no shield)
rNeg     + + +     Faith    .   q - +1 robe {MR+}
rPois    ∞         Spirit   .   (no helmet)
rElec    .         Reflect  .   m - +0 cloak
rCorr    .         Harm     .   l - +0 pair of gloves
MR       ++...                  (no boots)
Stlth    ++........             (no amulet)
HPRegen  0.24/turn              b - ring of protection from cold
MPRegen  0.20/turn              (no ring)

@: gold aura
A: no food or potions, fire vulnerability, cold resistance 1, negative energy
resistance 3, torment resistance, unbreathing
a: Potion Petition, Call Merchant, Bribe Branch, Renounce Religion


You were on level 11 of the Dungeon.
You worshipped Gozag.
Gozag was most pleased with you.
You were not hungry.

You visited 2 branches of the dungeon, and saw 12 of its levels.

You collected 1919 gold pieces.
You paid 185 gold pieces to Gozag.

Inventory:

Hand Weapons
 o - a +2 whip of electrocution (weapon)
   (You took it off an orc priest on level 9 of the Dungeon)
Armour
 l - a +0 pair of gloves (worn)
   (You found it on level 5 of the Dungeon)
 m - a +0 cloak (worn)
   (You took it off Crazy Yiuf on level 5 of the Dungeon)
 q - a +1 robe of magic resistance (worn)
   (You took it off Erolcha on level 10 of the Dungeon)
Jewellery
 b - a ring of protection from cold (left hand)
   (You found it on level 1 of the Dungeon)
Wands
 c - a wand of disintegration (8)
   (You found it on level 7 of the Dungeon)
 d - a wand of iceblast (3)
   (You found it on level 10 of the Dungeon)
Scrolls
 a - a scroll of noise {unknown}
 e - 3 scrolls of magic mapping
 f - 2 scrolls of immolation
 g - 2 scrolls of fog
 h - 3 scrolls of teleportation
 i - 2 scrolls of blinking
 j - 4 scrolls of remove curse
 k - 3 scrolls of enchant armour
 n - 3 scrolls of amnesia
 p - a scroll of enchant weapon
 r - a scroll of identify


   Skills:
 + Level 7.0 Fighting
 - Level 1.5 Dodging
 - Level 1.5 Stealth
 * Level 12.0 Spellcasting
 * Level 8.4 Conjurations
 * Level 8.9 Fire Magic
 + Level 0.7 Evocations


You had 19 spell levels left.
You knew the following spells:

 Your Spells              Type           Power        Failure   Level  Hunger
a - Flame Tongue          Conj/Fire      #####        1%          1    N/A
b - Throw Flame           Conj/Fire      #####.       1%          2    N/A
c - Conjure Flame         Conj/Fire      #####...     1%          3    N/A
q - Sticky Flame          Conj/Fire      #####...     1%          4    N/A
z - Fireball              Conj/Fire      #####.....   4%          5    N/A

Your spell library contained the following spells:

 Spells                   Type           Power        Failure   Level  Hunger
 Inner Flame              Hex/Fire       ####....     3%          3    N/A
 Confusing Touch          Hex            ##....       6%          1    N/A
 Corona                   Hex            ##.....      6%          1    N/A
 Slow                     Hex            ##......     10%         2    N/A
 Confuse                  Hex            ##......     19%         3    N/A
 Gell's Gravitas          Tloc           ##........   19%         3    N/A
 Portal Projectile        Hex/Tloc       ##....       19%         3    N/A
 Cause Fear               Hex            ##........   54%         4    N/A
 Leda's Liquefaction      Hex/Erth       ##........   54%         4    N/A
 Petrify                  Tmut/Erth      ##......     54%         4    N/A
 Metabolic Englaciation   Hex/Ice        ##........   87%         5    N/A
 Yara's Violent Unravell  Hex/Tmut       ##........   87%         5    N/A

Dungeon Overview and Level Annotations

Branches:
Dungeon (11/15)            Temple (1/1) D:6            Lair (0/6) D:9
    Orc: D:9-12

Altars:
Ashenzari
Cheibriados
Dithmenos
Elyvilon
Fedhas
Gozag
Hepliaklqana
Kikubaaqudgha
Makhleb
Nemelex Xobeh
Okawaru
Qazlal
Ru
Sif Muna
Trog
Uskayaw
Vehumet
Wu Jian
Xom
Yredelemnul
Zin
The Shining One

Annotations:
D:7 3 runed translucent doors, exclusion: oklob plant, Fingolfin's ghost, novice OpFE
D:11 exclusion: door


Innate Abilities, Weirdness & Mutations

You do not eat or drink.
Your flesh is vulnerable to fire.
You are immune to poison.
Your flesh is cold resistant. (rC+)
You are immune to negative energy. (rN+++)
You are immune to unholy pain and torment.
You can survive without breathing.


Message History

You miscast Fireball.
You are very lightly contaminated with residual magic.
You hear a sizzling sound.
The fireball explodes!
The fireball engulfs the crocodile!
You hear a shout!
Aim: a crocodile (heavily wounded)
The fireball explodes!
The fireball engulfs the crocodile!
A crocodile is nearby!
Aim: a crocodile (almost dead)
The fireball explodes!
The fireball engulfs the crocodile!
You kill the crocodile!
Your Spellcasting skill increases to level 12!
Your magical contamination has completely faded away.
You now have 1734 gold pieces (gained 14).
Okay, then.
An ugly thing and a sky beast come into view.
The red ugly thing gurgles horribly!
Aim: a red ugly thing The fireball explodes!
The fireball engulfs the red ugly thing!
The red ugly thing resists.
The fireball engulfs the sky beast!
A worker ant comes into view.
Aim: a red ugly thing (lightly wounded)
The fireball explodes!
The fireball engulfs the red ugly thing.
The red ugly thing resists.
The fireball engulfs the sky beast!
The worker ant twitches its antennae in your direction.
Aim: a red ugly thing (lightly wounded, chance to defeat MR: 50%)
Okay, then.
The mass of ice explodes!
The iceblast engulfs the red ugly thing!
The sky beast flickers out of sight!
Deactivating autopickup; reactivate with Ctrl-A.
The red ugly thing gores you!
You are engulfed in flames!!
The fire burns you terribly!
The mass of ice explodes!
The iceblast engulfs something.
Reactivating autopickup.
You feel a bit more experienced.
The iceblast engulfs the red ugly thing!
The red ugly thing gores you!
You are engulfed in flames!!
The fire burns you terribly!
* * * LOW HITPOINT WARNING * * *
Okay, then.
The mass of ice explodes!
The iceblast engulfs the red ugly thing!
The iceblast engulfs the worker ant!
The red ugly thing gores you!
* * * LOW HITPOINT WARNING * * *
You are engulfed in flames!!
The fire burns you terribly!
You die...
Your body crumbles into a pile of gold.

.........#####.........>
.........# #..........
.........# ########+##
.........# .........#
.........# ####.....#
#.....# #>..@## #...u#
#...a# #....# #...$#
#....# #....# #....#
#........... $


You could see a red ugly thing and a worker ant.

Vanquished Creatures
  Snorg (D:10)
  Erolcha (D:10)
  A two-headed ogre (D:9)
  Pikel (D:7)
  An ugly thing (D:11)
  A kobold demonologist (D:11)
  2 trolls
  2 hornets
  A hippogriff (D:8)
  Prince Ribbit (D:5)
  A spriggan (D:8)
  20 yaks
  A hungry ghost (D:10)
  A water moccasin (D:6)
  3 slaves
  6 ice beasts
  2 orc warriors
  A black bear (D:7)
  2 sky beasts
  3 ogres
  3 phantoms
  A crocodile (D:11)
  6 centaurs
  A big kobold (D:10)
  7 bullfrogs
  A wyvern zombie (D:9)
  A wyvern skeleton (D:8)
  2 scorpions
  8 killer bees
  4 wights (D:10)
  2 howler monkeys
  A crimson imp (D:10)
  A quasit (D:11)
  3 hounds
  2 bullfrog zombies
  4 jellies
  3 orc priests
  8 orc wizards
  Crazy Yiuf (D:5)
  2 bullfrog skeletons (D:10)
  2 iguanas
  Terence (D:3)
  7 worker ants
  A killer bee zombie (D:6)
  2 hound zombies (D:8)
  2 howler monkey zombies
  A worker ant zombie (D:11)
  7 gnolls
  3 adders
  A howler monkey skeleton (D:8)
  3 shadow imps
  An ooze (D:1)
  An adder zombie (D:8)
  An adder skeleton (D:7)
  A worm (D:2)
  4 dart slugs
  6 leopard geckos
  27 orcs
  3 bats
  2 giant cockroaches
  2 goblins (D:1)
  7 hobgoblins
  13 jackals
  5 quokkas
  A ball python (D:2)
  4 frilled lizards
  A jackal skeleton (D:5)
  8 kobolds
  5 rats
235 creatures vanquished.

Vanquished Creatures (others)
  21 toadstools (D:7)
21 creatures vanquished.

Grand Total: 256 creatures vanquished

Notes
Turn   | Place    | Note
-------+----------+-------------------------------------------
     0 | D:1      | vurker the Mummy Fire Elementalist began the quest for the
                  | Orb.
     0 | D:1      | Reached XP level 1. HP: 13/13 MP: 4/4
    28 | D:1      | Reached skill level 1 in Conjurations
   417 | D:1      | Reached skill level 3 in Spellcasting
   417 | D:1      | Reached XP level 2. HP: 19/19 MP: 0/6
  1088 | D:1      | Reached XP level 3. HP: 22/25 MP: 3/7
  1252 | D:2      | Found a hide-covered altar of Uskayaw.
  1615 | D:2      | Found a glowing golden altar of the Shining One.
  1616 | D:2      | Found a glowing silver altar of Zin.
  1616 | D:2      | Found a shimmering altar of Xom.
  1648 | D:2      | Reached skill level 1 in Fighting
  1934 | D:2      | Found a hazy altar of Hepliaklqana.
  2094 | D:2      | Found a sacrificial altar of Ru.
  2222 | D:3      | Noticed Terence
  2229 | D:3      | Killed Terence
  2229 | D:3      | Reached XP level 4. HP: 27/32 MP: 1/9
  2395 | D:2      | Reached skill level 4 in Spellcasting
  2639 | D:3      | Reached XP level 5. HP: 33/37 MP: 0/11
  2749 | D:3      | Learned a level 2 spell: Throw Flame
  2753 | D:3      | Learned a level 3 spell: Conjure Flame
  2758 | D:3      | Learned a level 4 spell: Sticky Flame
  3894 | D:4      | Reached XP level 6. HP: 34/44 MP: 3/13
  4082 | D:4      | Reached skill level 5 in Spellcasting
  4603 | D:5      | Entered Level 5 of the Dungeon
  4673 | D:5      | Found a runed translucent door.
  4676 | D:5      | Noticed Crazy Yiuf
  4830 | D:5      | Found a basalt altar of Yredelemnul.
  4988 | D:5      | Noticed Prince Ribbit
  4998 | D:5      | Killed Prince Ribbit
  4998 | D:5      | Reached XP level 7. HP: 37/51 MP: 8/15
  5919 | D:5      | Reached skill level 6 in Spellcasting
  6264 | D:5      | Killed Crazy Yiuf
  6540 | D:6      | Reached XP level 8. HP: 50/58 MP: 12/17
  6556 | D:6      | Reached skill level 5 in Fire Magic
  6812 | D:6      | You fall into a shaft and drop 2 floors!
  6952 | D:7      | Reached skill level 7 in Spellcasting
  7259 | D:6      | Found a staircase to the Ecumenical Temple.
  7271 | Temple   | Entered the Ecumenical Temple
  7557 | Temple   | Became a worshipper of Gozag Ym Sagoz the Greedy
  7813 | D:6      | Learned a level 5 spell: Fireball
  7883 | D:7      | Reached skill level 5 in Conjurations
  8224 | D:7      | Found a runed translucent gate.
  8226 | D:7      | Found a runed translucent gate.
  8227 | D:7      | Found a runed translucent gate.
  8227 | D:7      | Noticed Fingolfin's ghost (novice OpFE)
  8624 | D:7      | Reached XP level 9. HP: 56/65 MP: 11/20
  8656 | D:7      | Noticed Pikel
  8991 | D:7      | Found a blossoming altar of Fedhas.
  8997 | D:7      | Killed Pikel
  8997 | D:7      | Reached skill level 8 in Spellcasting
  9044 | D:7      | Noticed an oklob plant
  9759 | D:8      | Reached skill level 9 in Spellcasting
  9849 | D:8      | Reached skill level 5 in Fighting
 11211 | D:8      | Reached XP level 10. HP: 48/74 MP: 11/23
 11449 | D:9      | Found a staircase to the Lair.
 11721 | D:9      | Noticed a two-headed ogre
 11734 | D:9      | Killed a two-headed ogre
 11734 | D:9      | Reached skill level 10 in Spellcasting
 13665 | D:9      | Found a staircase to the Lair.
 14436 | D:10     | Entered Level 10 of the Dungeon
 14593 | D:10     | Found a bloodstained altar of Trog.
 14945 | D:10     | Noticed Erolcha
 14951 | D:10     | Killed Erolcha
 14951 | D:10     | Reached skill level 11 in Spellcasting
 14951 | D:10     | Reached XP level 11. HP: 65/82 MP: 8/26
 14989 | D:10     | Noticed Snorg
 15445 | D:10     | Killed Snorg
 16384 | D:11     | Noticed a sixfirhy
 16527 | D:11     | Noticed a brown ugly thing
 16939 | D:11     | Killed a brown ugly thing
 17142 | D:11     | Noticed a death knight
 18015 | D:11     | Reached skill level 12 in Spellcasting
 18126 | D:11     | Noticed a red ugly thing
 18138 | D:11     | HP: 4/84 [red ugly thing (13)]
 18138 | D:11     | Demolished by a red ugly thing

Levels and vault maps discovered:
D:1:      tarquinn_simple_flora_water_d, layout_basic, kennysheep_boxes
D:2:      layout_loops_cross, lemuel_round_altar,
          nicolae_ru_the_path_less_chosen,
          chequers_temple_overflow_statue_of_worship,
          eat_drink_and_be_merry_uskayaw, first_ration, nrook_loot_triangle
D:3:      layout_basic, uniq_terence
D:4:      layout_cave_pools
D:5:      layout_basic, lemuel_doored_altar, uniq_prince_ribbit1,
          uniq_crazy_yiuf_cottage
D:6:      layout_cave_pools, minmay_temple_entry_wispy, lemuel_old_faithful
D:7:      layout_loops_cross, tgw_fedhas, ebering_ghost_rock_garden, uniq_pikel
D:8:      layout_gridville, enter_bailey_1, the_bakery
D:9:      layout_layer_cave, lair_entry_dummy
D:10:     layout_gridville, basic_altar, uniq_erolcha, uniq_snorg
D:11:     layout_irregular_city, orc_0_dummy
Temple:   minmay_temple_curvy_branch

Skill      XL: |  1  2  3  4  5  6  7  8  9 10 11 |
---------------+----------------------------------+-----
Conjurations   | 1 2 3 4 5 6 7 8 |  8.4
Spellcasting   | 3 4 5 6 7 9 11 12 | 12.0
Fighting       | 1 2 3 4 5 6 7 |  7.0
Fire Magic     | 3 4 5 6 8 |  8.9
Dodging        | |  1.5
Stealth        | |  1.5
Evocations     | |  0.7

Action                   |  1- 3 |  4- 6 |  7- 9 | 10-12 || total
-------------------------+-------+-------+-------+-------++-------
Melee: Unarmed           |    28 |       |       |       ||    28
       Dagger            |     5 |    22 |    21 |       ||    48
       Whip              |       |       |     6 |    33 ||    39
 Cast: Flame Tongue      |    70 |   104 |   215 |    69 ||   458
       Throw Flame       |       |     3 |    20 |    13 ||    36
       Sticky Flame      |       |     2 |    33 |    33 ||    68
       Conjure Flame     |       |       |     1 |     3 ||     4
       Fireball          |       |       |       |    75 ||    75
Evoke: Wand              |       |       |     2 |     4 ||     6
  Use: Scroll            |       |     4 |     5 |     3 ||    12
 Stab: Sleeping          |       |     1 |     2 |       ||     3
Armor: Robe              |    18 |    10 |    39 |    19 ||    86
Dodge: Dodged            |    59 |    47 |   123 |    44 ||   273

Table legend:
 A = Non-vault XP
 B = Vault XP
 C = Vault XP percentage of total XP
 D = Non-vault monster count
 E = Vault monster count
 F = Vault count percentage of total count
                 A         B        C        D         E       F
            +---------+---------+-------+---------+---------+-------
      Total |   14353 |    3295 |  18.7 |     225 |       7 |   3.0
            +---------+---------+-------+---------+---------+-------
        D:1 |      43 |       0 |   0.0 |      19 |       0 |   0.0
        D:2 |      39 |       0 |   0.0 |      12 |       0 |   0.0
        D:3 |     194 |      36 |  15.7 |      20 |       1 |   4.8
        D:4 |     269 |       0 |   0.0 |      16 |       0 |   0.0
        D:5 |     324 |     285 |  46.8 |      14 |       2 |  12.5
        D:6 |     918 |       0 |   0.0 |      10 |       0 |   0.0
        D:7 |     825 |     641 |  43.7 |      18 |       1 |   5.3
        D:8 |    1916 |     229 |  10.7 |      30 |       1 |   3.2
        D:9 |    4030 |       0 |   0.0 |      24 |       0 |   0.0
       D:10 |    3082 |    2104 |  40.6 |      37 |       2 |   5.1
       D:11 |    2713 |       0 |   0.0 |      25 |       0 |   0.0
            +---------+---------+-------+---------+---------+-------
